 Dungeon Crawl Stone Soup version 0.27.0-1-g7a089689b8 (webtiles) character file.

Game seed: 9811036812281080347

35 rjrrt the Chopper (level 3, -1/31 HPs)
             Began as a Minotaur Monk on Aug 12, 2021.
             Slain by Crazy Yiuf (4 damage)
             ... on level 2 of the Dungeon.
             The game lasted 00:02:25 (1815 turns).

rjrrt the Chopper (Minotaur Monk)                   Turns: 1815, Time: 00:02:26

Health: -1/31      AC:  8    Str: 16    XL:     3   Next: 16%
Magic:  2/2        EV:  7    Int:  7    God:
Gold:   74         SH:  0    Dex: 18    Spells: 2/2 levels left

rFire    . . .     SeeInvis .   a - +0 hand axe
rCold    . . .     Faith    .   (no shield)
rNeg     . . .     Spirit   .   f - +0 chain mail
rPois    .         Reflect  .   (helmet restricted)
rElec    .         Harm     .   (no cloak)
rCorr    .         Rampage  .   (no gloves)
Will     .....                  (no boots)
Stlth    ..........             (no amulet)
HPRegen  0.10/turn              h - +6 ring of dexterity
MPRegen  0.08/turn              j - ring of flight

@: mighty, flying
A: horns 2, retaliatory headbutt
a: no special abilities


You were on level 2 of the Dungeon.
You visited 1 branch of the dungeon, and saw 2 of its levels.

You collected 74 gold pieces.

Inventory:

Hand Weapons
 a - a +0 hand axe (weapon)
Missiles
 g - 7 poisoned darts (quivered)
 i - 2 curare-tipped darts
Armour
 f - a +0 chain mail (worn)
Jewellery
 h - a +6 ring of dexterity (left hand)
 j - a ring of flight (right hand)
Scrolls
 c - a scroll of identify
Potions
 b - a potion of berserk rage
 e - a potion of lignification


   Skills:
 - Level 3.6 Fighting
 + Level 5.2 Axes
 - Level 3.2 Dodging
 - Level 1.5 Stealth


You had 2 spell levels left.
You didn't know any spells.
Your spell library was empty.

Dungeon Overview and Level Annotations

Branches:
Dungeon (2/15)

Altars:

Shops:
D:2 (

Annotations:
D:2 Crazy Yiuf


Innate Abilities, Weirdness & Mutations

You have a pair of horns on your head.
You reflexively headbutt those who attack you in melee.


Message History

j - a ring of flight (right hand)
Found a stone staircase leading down.
There is a stone staircase leading down here.
An endoplasm comes into view.
Unknown command.
The endoplasm barely misses you. You furiously retaliate!
You headbutt the endoplasm!
You kill the endoplasm!
No target in view!
Found Itsyxyor's Weapon Shop.
There is an entrance to Itsyxyor's Weapon Shop here.
Unknown command.
A bat comes into view.
The bat completely misses you.
You barely miss the bat. Your headbutt misses the bat.
The bat closely misses you. The bat barely misses you. You furiously retaliate!
You headbutt the bat!
You kill the bat!
No target in view!
No target in view!
Found a mace.
Found a runed translucent door.
Crazy Yiuf shouts!
As you open the door, it creaks loudly!
You closely miss Crazy Yiuf.
Crazy Yiuf yells, "Mama sing senile!"
Crazy Yiuf hits you with a +2 quarterstaff of chaos!
Crazy Yiuf burns you.
You feel very mighty all of a sudden.
Crazy Yiuf hits you with a +2 quarterstaff of chaos.
Crazy Yiuf burns you.
You slash Crazy Yiuf! Your headbutt misses Crazy Yiuf.
Crazy Yiuf is heavily wounded.
Crazy Yiuf grits, "Snoogle fast foot!"
Crazy Yiuf hits you with a +2 quarterstaff of chaos!
* * * LOW HITPOINT WARNING * * *
Unknown command.
You barely miss Crazy Yiuf. You headbutt Crazy Yiuf.
Crazy Yiuf is severely wounded.
Crazy Yiuf hits you with a +2 quarterstaff of chaos.
You die...

#.# #.# #.# #.#
#.####♣♣ ###
#.###.#..+.♣♣ ♣♣#..)#
............♣♣♣♣@g...#
#♣###........♣..♣#...#
....#.##.+..♣.♣♣♣ ###
♣∩♣.#.####♣♣♣♣♣
#.......# #♣..#.###
....#.# #.###.# #.#
#.#


You could see Crazy Yiuf.

Vanquished Creatures
  3 endoplasms
  4 hobgoblins (D:2)
  2 jackals (D:1)
  6 kobolds
  2 quokkas (D:1)
  3 ball pythons
  5 bats
  3 frilled lizards (D:1)
  2 goblins (D:1)
  2 rats (D:1)
32 creatures vanquished.

Notes
Turn   | Place    | Note
-------+----------+-------------------------------------------
     0 | D:1      | rjrrt the Minotaur Monk began the quest for the Orb.
     0 | D:1      | Reached XP level 1. HP: 19/19 MP: 0/0
   421 | D:1      | Reached skill level 4 in Axes
   426 | D:1      | Reached XP level 2. HP: 10/26 MP: 1/1
   787 | D:1      | Found a faded altar of an unknown god.
  1339 | D:2      | Reached skill level 5 in Axes
  1359 | D:2      | Reached XP level 3. HP: 28/31 MP: 2/2
  1784 | D:2      | Found Itsyxyor's Weapon Shop.
  1807 | D:2      | Found a runed translucent door.
  1808 | D:2      | Noticed Crazy Yiuf
  1815 | D:2      | Slain by Crazy Yiuf

Illustrated notes

Levels and vault maps discovered:
D:1:      minmay_arrival_hallway, layout_basic,
          hellmonk_ecumenical_altar_zigzags, minmay_tromino_mix6
D:2:      layout_loops_ring, serial_shops, nicolae_shop_trees,
          uniq_crazy_yiuf_cottage, uniq_natasha

Skill      XL: |  1  2 |
---------------+-------+-----
Axes           | 4 5 |  5.2
Fighting       | |  3.6
Dodging        | |  3.2
Stealth        | |  1.5

Action                   || total
-------------------------++-------
Melee: Hand axe          ||    59
       Headbutt          ||    10
  Use: Scroll            ||     3
       Potion            ||     1
Armor: Robe              ||     9
       Chain mail        ||    10
Dodge: Dodged            ||    35
